 Dungeon Sprint DCSS version 0.27.1-33-g824d729ab1 (webtiles) character file.

Game seed: 8903773972982806700

3000000 Descartes the Conqueror (level 20, -86/197 HPs)
             Began as a Formicid Warper on Dec 21, 2021.
             Was an Elder of Makhleb.
             Annihilated by a large bag of meat (88 damage)
             ... in the Dungeon (Sprint VIII: "Arena of Blood").
             The game lasted 00:04:22 (30 turns).

Descartes the Conqueror (Formicid Warper)             Turns: 30, Time: 00:04:24

Health: -86/197    AC:  6    Str: 20    XL:     20   Next: 79%
Magic:  7/37       EV: 23    Int: 16    God:    Makhleb [****..]
Gold:   0          SH:  0    Dex: 12    Spells: 29/29 levels left

rFire    . . .     SeeInvis +   g - +∞ Axe of Woe
rCold    . . .     Faith    .   (no shield)
rNeg     . . .     Spirit   .   b - +0 leather armour
rPois    .         Reflect  .   (helmet unavailable)
rElec    .         Harm     .   (no cloak)
rCorr    .         Rampage  .   (no gloves)
Will     ++...                  (no boots)
Stlth    +++++++...             (no amulet)
HPRegen  0.42/turn              (no ring)
MPRegen  0.25/turn              (no ring)

@: no status effects
A: permanent stasis, dig shafts and tunnels, antennae 3, four strong arms
a: Dig, Renounce Religion, Minor Destruction, Lesser Servant of Makhleb, Major
Destruction


You were in the Dungeon.
You worshipped Makhleb.
Makhleb was greatly pleased with you.
You visited 1 branch

Inventory:

Hand Weapons
 a - a +0 hand axe
 g - the +∞ Axe of Woe (weapon)
   (You found it in the Dungeon)
Missiles
 c - 5 boomerangs of dispersal (quivered)
Armour
 b - a +0 leather armour (worn)
Jewellery
 h - a +30 ring of slaying
Potions
 d - a potion of curing
 e - a potion of heal wounds
 f - 2 potions of magic


   Skills:
 O Level 27 Fighting
 O Level 27 Axes
 - Level 1.0 Throwing
 O Level 27 Armour
 O Level 27 Dodging
 + Level 19.9 Stealth
 - Level 5.0 Spellcasting
 + Level 20.0 Translocations
 O Level 27 Invocations


You had 29 spell levels left.
You didn't know any spells.
Your spell library contained the following spells:

 Spells                   Type           Power      Damage    Failure   Level
 Gell's Gravitas          Tloc           30%        N/A       0%          3
 Lesser Beckoning         Tloc           30%        N/A       0%          3
 Teleport Other           Tloc           61%        N/A       0%          3
 Manifold Assault         Tloc           61%        N/A       1%          5
 Blink                    Tloc           Unusable   N/A       N/A         2

Dungeon Overview and Level Annotations

Branches:
Dungeon (1/1)

Altars:
Makhleb


Innate Abilities, Weirdness & Mutations

You cannot be hasted, slowed, berserked, paralysed or teleported.
You can dig through walls and to a lower floor.
You have a pair of large antennae on your head. (SInv)
Your four strong arms can wield two-handed weapons with a shield.


Message History

Your Invocations skill gained 21 levels and is now at level 21!
Unknown command.
You hear a shout! x7
A bag of meat comes into view. It is wielding a +9 war axe.
You hear a shout! x4
You slice the meat berserker!!
You pulverise the meat berserker into a thin bloody mist.
You kill the meat berserker!
Makhleb accepts your kill.
You feel better.
The large bag of meat appears out of thin air!
A large bag of meat comes into view. It is wielding a +9 giant spiked club.
The large bag of meat shouts in stereo!
You hear a shout! x6
You have mastered Invocations!
You need to enable at least one skill for training.
Your Stealth skill gained 10 levels and is now at level 10!
Your Translocations skill increases to level 16!
You have reached level 20!
You feel clever.
You slice the large bag of meat!!
Flame seeps out of the large bag of meat.
You slaughter the large bag of meat joyfully.
Makhleb accepts your kill.
The large bag of meat explodes!
The fiery explosion engulfs you!!!
You are engulfed in blazing flames.
You hear a shout! x4
Your Stealth skill gained 9 levels and is now at level 19!
Your Translocations skill gained 4 levels and is now at level 20!
You hear a shout! x5
The bag of meat is engulfed in blazing flames.
You hear a shout! x2
Things that are here:
a +9 war axe; a +30 ring of slaying
h - a +30 ring of slaying You hear a shout! x7
The large bag of meat is engulfed in blazing flames.
The large bag of meat hits you with a +9 giant spiked club!!!
* * * LOW HITPOINT WARNING * * *
The large bag of meat hits you with a +9 giant spiked club!!!!
You die...

.... ....... ..
{{ ..... .. {
#.... .# .. #...
..# ...###...
..###.
.......)###......
#.......§_§.o....
.....#@o°§.#....
... #_O§§_# . .
#.....#
....._.....
......###......
.###... ..###.
#... ..# {#...
..# { .. ..


You could see a large bag of meat (inner flame) and 2 bags of meat.

Vanquished Creatures
  6 ogres (D)
  A two-headed ogre (D)
  7 orcs (D)
14 creatures vanquished.

Notes
Turn   | Place    | Note
-------+----------+-------------------------------------------
     0 | D        | Found the +∞ Axe of Woe
     0 | D        | Descartes the Formicid Warper began the quest for the Orb.
     0 | D        | Reached XP level 1. HP: 16/16 MP: 3/3
     4 | D        | Became a worshipper of Makhleb the Destroyer
     4 | D        | Noticed a meat berserker
     5 | D        | Noticed a bag of meat
     8 | D        | Noticed a bag of meat
     9 | D        | Killed a meat berserker
     9 | D        | Noticed a bag of meat
    10 | D        | Reached skill level 15 in Axes
    10 | D        | Reached skill level 5 in Spellcasting
    10 | D        | Reached XP level 2. HP: 46/46 MP: 4/8
    10 | D        | Reached XP level 3. HP: 52/52 MP: 4/9
    10 | D        | Reached XP level 4. HP: 59/59 MP: 4/11
    10 | D        | Reached XP level 5. HP: 65/65 MP: 4/12
    10 | D        | Reached XP level 6. HP: 72/72 MP: 4/13
    10 | D        | Reached XP level 7. HP: 79/79 MP: 4/14
    10 | D        | Reached XP level 8. HP: 86/86 MP: 4/15
    10 | D        | Reached XP level 9. HP: 92/92 MP: 4/16
    10 | D        | Reached XP level 10. HP: 99/99 MP: 4/17
    10 | D        | Reached XP level 11. HP: 105/105 MP: 4/18
    10 | D        | Reached XP level 12. HP: 112/112 MP: 4/19
    10 | D        | Reached XP level 13. HP: 119/119 MP: 4/20
    11 | D        | Killed a bag of meat
    11 | D        | Reached * piety under Makhleb
    11 | D        | Killed a bag of meat
    11 | D        | Noticed a bag of meat
    11 | D        | Noticed a bag of meat
    11 | D        | Noticed a bag of meat
    12 | D        | Reached skill level 15 in Translocations
    12 | D        | Reached XP level 14. HP: 133/133 MP: 4/21
    12 | D        | Reached XP level 15. HP: 139/139 MP: 4/22
    13 | D        | Noticed a meat berserker
    13 | D        | Noticed a meat berserker
    14 | D        | Reached ** piety under Makhleb
    15 | D        | Reached XP level 16. HP: 152/152 MP: 4/23
    17 | D        | Noticed a meat berserker
    19 | D        | Killed a meat berserker
    19 | D        | Noticed a meat berserker
    20 | D        | Reached XP level 17. HP: 92/166 MP: 5/24
    20 | D        | Reached *** piety under Makhleb
    22 | D        | Killed a meat berserker
    22 | D        | Killed a meat berserker
    22 | D        | Reached **** piety under Makhleb
    22 | D        | Noticed a meat berserker
    23 | D        | Reached skill level 27 in Fighting
    23 | D        | Reached skill level 27 in Axes
    23 | D        | Reached skill level 27 in Armour
    23 | D        | Reached XP level 18. HP: 109/182 MP: 6/25
    23 | D        | Reached XP level 19. HP: 114/189 MP: 6/26
    23 | D        | Noticed a large bag of meat
    25 | D        | Killed a meat berserker
    26 | D        | Reached skill level 27 in Dodging
    27 | D        | Killed a meat berserker
    27 | D        | Noticed a large bag of meat
    28 | D        | Reached skill level 27 in Invocations
    28 | D        | Reached skill level 10 in Stealth
    28 | D        | Reached XP level 20. HP: 116/197 MP: 7/37
    28 | D        | Killed a large bag of meat
    30 | D        | HP: 2/197 [large bag of meat (63)]
    30 | D        | Annihilated by a large bag of meat

Illustrated notes

Levels and vault maps discovered:
D:        meatsprint

Skill      XL: |  1  2  3  4  5  6  7  8  9 10 11 12 13 14 15 16 17 18 19 20 |
---------------+-------------------------------------------------------------+-----
Fighting       | 16 19 21 24 27 | 27.0
Axes           | 15 18 20 22 27 | 27.0
Armour         | 16 19 21 24 27 | 27.0
Dodging        | 14 16 18 20 26 27 | 27.0
Spellcasting   | 5 |  5.0
Translocations | 14 15 16 20 | 20.0
Invocations    | 27 | 27.0
Stealth        | 10 19 | 19.9
Throwing       | |  1.0

Action                   |  1- 3 |  4- 6 |  7- 9 | 10-12 | 13-15 | 16-18 | 19-21 || total
-------------------------+-------+-------+-------+-------+-------+-------+-------++-------
Melee: Executioner's axe |     1 |       |       |       |     3 |     3 |     3 ||    10
Dodge: Dodged            |       |       |       |       |       |     1 |       ||     1
